 Dungeon Crawl Stone Soup version 0.19-a0-49-gb8736b8 (webtiles) character file.

2087 M4edhros the Cleaver (level 9, -7/106 HPs)
             Began as a Minotaur Berserker on May 6, 2016.
             Was a Priest of Trog.
             Mangled by an orc warlord
             ... wielding a cursed -1 glaive
              (13 damage)
             ... on level 2 of the Orcish Mines.
             The game lasted 00:13:05 (1909 turns).

M4edhros the Cleaver (Minotaur Berserker)           Turns: 1909, Time: 00:13:06

Health: -7/106     AC: 12    Str: 25    XL:     9   Next: 6%
Magic:  7/7        EV:  8    Int:  4    God:    Trog [***...]
Gold:   385        SH:  3    Dex: 13    Spells: 0 memorised, 8 levels left

rFire  + + .     SeeInvis .     a - +1 hand axe
rCold  + . .     Gourm    .     g - +0 plate armour
rNeg   . . .     Faith    .     (no shield)
rPois  +         Spirit   .     (helmet restricted)
rElec  +         Dismiss  .     k - +0 cloak
rCorr  +         Reflect  +     (no gloves)
SustAt .         Harm     .     (no boots)
MR     +....                    r - +3 amulet of reflection
Stlth  ..........               l - ring of protection from fire
                                y - +1 ring of slaying

@: berserking (expiring), resistant, very quick, somewhat resistant to hostile
enchantments, extremely unstealthy
A: retaliatory headbutt, horns 2, low mp 1, magic resistance 1, weak 1
a: Berserk, Trog's Hand, Burn Spellbooks, Renounce Religion


You were on level 2 of the Orcish Mines.
You worshipped Trog.
Trog was most pleased with you.
You were not hungry.

You visited 2 branches of the dungeon, and saw 13 of its levels.

You collected 476 gold pieces.
You spent 91 gold pieces at shops.

Inventory:

Hand Weapons
 a - a +1 hand axe (weapon)
 v - a +0 blowgun
Missiles
 o - 2 throwing nets (quivered)
 w - 21 poisoned needles
Armour
 g - a +0 plate armour (worn)
 k - a +0 cloak (worn)
Jewellery
 e - an uncursed amulet of regeneration
 l - a ring of protection from fire (right hand)
 n - an uncursed ring of positive energy
 r - a +3 amulet of reflection (around neck)
 y - a +1 ring of slaying (left hand)
Wands
 i - a wand of flame (25/48)
 q - a wand of digging (2/24)
Scrolls
 b - 3 scrolls of random uselessness
 j - 2 scrolls of identify
 p - a scroll of recharging
Potions
 f - a potion of might
 t - a potion of invisibility {unknown}
Comestibles
 c - 3 bread rations
 h - a meat ration
 z - 2 slices of pizza


   Skills:
 + Level 4.1 Fighting
 + Level 13.7 Axes
 + Level 2.8 Armour
 + Level 2.5 Dodging


You had 8 spell levels left.
You didn't know any spells.

Dungeon Overview and Level Annotations

Branches:
Dungeon (11/15)               Orc (2/2) D:10            Elf (0/3) Orc:2
 Temple: D:4-7         Lair: D:8-11

Altars:
Dithmenos
Makhleb
Okawaru
Vehumet
Xom
Yredelemnul

Shops:
D:10 }!==[


Innate Abilities, Weirdness & Mutations

You reflexively headbutt those who attack you in melee.
You have a pair of horns on your head.
Your magical capacity is low (-10% MP).
You are resistant to hostile enchantments.
You are weak. (Str -2)


Message History

The orc warrior is heavily wounded.
You closely miss the orc warrior. You barely miss the orc warrior.
You slash the orc!
You kill the orc!
Trog accepts your kill. The orc hits you but does no damage.
Unknown command.
Unknown command.
Your plate armour prevents you from hitting the orc warlord.
You slash the orc warrior!
The orc warrior is heavily wounded.
You hit the orc warrior.
The orc warrior is lightly wounded.
You closely miss the orc warrior.
The orc warrior is heavily wounded.
You slash the orc!
You kill the orc!
Trog accepts your kill. The orc warrior barely misses you.
The orc warlord hits you with a glaive!
You die...

................
...................##
....................###.
........)............E..
#..............##.......
........<..........e....
...................oho..
.......<.....#..[oo.....
...............o@)h#...
.............$..oo..#
#......#.............#
##..#.###............#
#...### ##..#...#.#...#
#..#. ###.........##
...... ##........#
#....## ###......#
###.## ####..##


You could see an orc warlord, a deep elf mage, a fire elemental, 2 wargs, 3 orc
warriors and 3 orcs.

Vanquished Creatures
  Eustachio (D:6)
  2 hungry ghosts
  A hippogriff (D:10)
  2 orc warriors
  2 ogres
  A black bear (D:9)
  3 centaurs
  A big kobold (D:8)
  A giant frog (D:11)
  A scorpion (D:4)
  A water moccasin skeleton (D:6)
  A howler monkey (D:6)
  A crimson imp (D:6)
  2 hounds
  An orc priest (D:7)
  2 jellies
  A quasit (D:6)
  2 giant frog skeletons
  3 orc wizards
  Jessica (D:2)
  2 worker ants
  A hound zombie (D:5)
  A hound skeleton (D:4)
  A worker ant zombie (D:9)
  3 gnolls (D:5)
  An adder (D:3)
  A worm (D:2)
  A dart slug (D:1)
  A giant gecko (D:9)
  21 orcs
  A ball python (D:3)
  9 giant cockroaches
  2 goblins (D:1)
  A hobgoblin (D:3)
  6 jackals
  5 kobolds
  2 quokkas
  A bat (D:1)
  A rat (D:1)
  2 butterflies (D:6)
93 creatures vanquished.

Notes
Turn   | Place    | Note
--------------------------------------------------------------
     0 | D:1      | M4edhros the Minotaur Berserker began the quest for the Orb.
     0 | D:1      | Reached XP level 1. HP: 19/19 MP: 0/0
    90 | D:1      | Reached skill level 4 in Axes
   174 | D:1      | Reached XP level 2. HP: 24/26 MP: 1/1
   316 | D:2      | Noticed Jessica
   330 | D:2      | Killed Jessica
   330 | D:2      | Reached skill level 5 in Axes
   330 | D:2      | Reached XP level 3. HP: 14/31 MP: 2/2
   417 | D:3      | Found an iron altar of Okawaru.
   452 | D:4      | Reached ** piety under Trog
   452 | D:4      | Reached XP level 4. HP: 26/39 MP: 3/3
   453 | D:4      | Found a basalt altar of Yredelemnul.
   457 | D:4      | Reached skill level 6 in Axes
   468 | D:4      | Found a burning altar of Makhleb.
   468 | D:4      | Found a radiant altar of Vehumet.
   496 | D:4      | Reached skill level 7 in Axes
   496 | D:4      | Reached XP level 5. HP: 15/45 MP: 4/4
   524 | D:5      | Entered Level 5 of the Dungeon
   626 | D:5      | Reached skill level 8 in Axes
   636 | D:5      | Reached XP level 6. HP: 41/51 MP: 5/5
   646 | D:5      | Found a shimmering altar of Xom.
   646 | D:5      | Found a shadowy altar of Dithmenos.
   693 | D:6      | Reached skill level 9 in Axes
   700 | D:6      | Reached XP level 7. HP: 55/57 MP: 6/6
   711 | D:6      | Noticed Eustachio
   765 | D:6      | Killed Eustachio
   765 | D:6      | Reached skill level 10 in Axes
   872 | D:7      | Reached skill level 11 in Axes
  1030 | D:8      | Noticed a hungry ghost
  1042 | D:8      | Killed a hungry ghost
  1042 | D:8      | Reached XP level 8. HP: 64/64 MP: 7/7
  1114 | D:9      | Reached skill level 12 in Axes
  1147 | D:10     | Entered Level 10 of the Dungeon
  1202 | D:10     | Reached *** piety under Trog
  1247 | D:10     | Found Porch's Distillery.
  1253 | D:10     | Bought a potion of might for 56 gold pieces
  1253 | D:10     | Bought a potion of mutation for 35 gold pieces
  1253 | D:10     | Gained mutation: You are weak. (Str -2) [potion of mutation]
  1253 | D:10     | Gained mutation: Your magical capacity is low (-10% MP). [potion of mutation]
  1253 | D:10     | Gained mutation: You are resistant to hostile enchantments. [potion of mutation]
  1357 | D:10     | Found Vuorokip's Gadget Shop.
  1442 | D:10     | Reached skill level 13 in Axes
  1507 | D:10     | Found Qipsaff's Jewellery Boutique.
  1509 | D:10     | Found Wyarih's Jewellery Emporium.
  1581 | D:10     | Found Reakepil's Armour Shop.
  1675 | D:11     | Noticed a hill giant
  1675 | D:11     | Noticed an eight-headed hydra
  1780 | D:10     | Found a staircase to the Orcish Mines.
  1787 | Orc:1    | Entered Level 1 of the Orcish Mines
  1797 | Orc:1    | Reached XP level 9. HP: 60/71 MP: 7/7
  1840 | Orc:2    | Entered Level 2 of the Orcish Mines
  1901 | Orc:2    | Found a staircase to the Elven Halls.
  1901 | Orc:2    | Noticed an orc warlord
  1902 | Orc:2    | Noticed a deep elf mage
  1907 | Orc:2    | HP: 5/106 [orc warrior/war axe[an orc warlord] (21)]
  1909 | Orc:2    | Mangled by an orc warlord

Vault maps used:
D:1:      dpeg_arrival_prison, minmay_crystal_water
D:2:      first_bread, uniq_sigmund, uniq_natasha, uniq_jessica
D:3:      old_standard_altar
D:4:      grunt_temple_overflow_open, uniq_pikel
D:5:      gammafunk_temple_overflow_elements, minmay_mini_ossuary
D:6:      minmay_temple_entry_butterflies, uniq_blork_the_orc, uniq_eustachio
D:7:      grunt_livestock, grunt_gozag_breadcrumbs, uniq_joseph
D:8:      grunt_qazlal_clouds, kennysheep_mini, grunt_decor_mini_mirrors
D:9:      basic_altar
D:10:     orc_0_dummy, serial_shops, shop, shop, shop, shop, shop
D:11:     lair_0_dummy, special_room
Orc:1:    serial_shops, nicolae_shop_behind_doors, mines2_david
Orc:2:    st_orc_mages, mines2_lemuel

Skill      XL: |  1  2  3  4  5  6  7  8  9 |
---------------+----------------------------+-----
Axes           | 4 5 7 8 9 11 13 | 13.7
Fighting       | 4 |  4.1
Armour         | |  2.8
Dodging        | |  2.5

Action                   |  1- 3 |  4- 6 |  7- 9 || total
-------------------------+-------+-------+-------++-------
Melee: Hand axe          |    54 |    49 |   202 ||   305
       Headbutt          |    13 |    15 |    40 ||    68
Invok: Berserk           |     1 |     2 |     8 ||    11
Evoke: Wand              |       |       |     1 ||     1
  Use: Potion            |     1 |       |     4 ||     5
       Scroll            |       |       |     8 ||     8
  Eat: Chunk             |       |     1 |     9 ||    10
       Meat ration       |       |       |     1 ||     1
       Bread ration      |       |       |     2 ||     2
       Beef jerky        |       |       |     1 ||     1
Armor: Ring mail         |    21 |    13 |    28 ||    62
       Animal skin       |     1 |       |       ||     1
       Plate armour      |       |       |    44 ||    44
       Skin              |       |       |    16 ||    16
Dodge: Dodged            |    45 |    25 |    85 ||   155
Block: Other             |       |       |     7 ||     7
